 Dungeon Crawl Stone Soup version 0.30.0-5-g1a98f26d00 (webtiles) character file.

Game seed: 2864370019081970406

31059 Leibowitz the Severer (level 13, -8/178 HPs)
             Began as a Minotaur Berserker on May 12, 2023.
             Was a High Priest of Trog.
             Mangled by a hell knight
             ... wielding a +0 great mace of flaming
              (15 damage)
             ... on level 1 of the Abyss.
             The game lasted 00:46:18 (13766 turns).

Leibowitz the Severer (Minotaur Berserker)         Turns: 13766, Time: 00:46:19

Health: -8/178     AC: 26    Str: 26      XL:     13   Next: 23%
Magic:  4/4        EV: 16    Int:  4      God:    Trog [*****.]
Gold:   1459       SH:  0    Dex: 12 (13) Spells: 12/12 levels left

rFire   . . .        E - +7 executioner's axe (antimagic)
rCold   . . .        (shield currently unavailable)
rNeg    . . .        p - +0 plate armour
rPois   .            (helmet restricted)
rElec   .            q - +2 cloak
rCorr   .            F - +1 pair of gloves
SInv    +            B - +1 pair of boots
Will    ++...        (no amulet) Stlth
                     k - ring of see invisible
HPRegen 1.49/turn    g - +5 ring of evasion
MPRegen 0.09/turn

%: no passive effects
@: mighty, berserking (expiring), strong-willed, regenerating, very quick
A: horns 2, retaliatory headbutt, iridescent scales 1, thin skeletal structure
1, noise suppression
a: Renounce Religion, Berserk, Trog's Hand, Brothers in Arms


You were on level 1 of the Abyss.
You worshipped Trog.
Trog was extremely pleased with you.
You visited 3 branches of the dungeon, and saw 15 of its levels.
You visited the Abyss 1 time.
You also visited: Bailey.

You collected 1459 gold pieces.

Inventory:

Hand Weapons
 a - a +3 battleaxe of freezing
 u - a +2 scimitar of flaming
 C - a +0 war axe
 E - a +7 antimagic executioner's axe (weapon)
Missiles
 y - 4 curare-tipped darts (quivered)
Armour
 p - a +0 plate armour (worn)
 q - a +2 cloak (worn)
 B - a +1 pair of boots (worn)
 F - a +1 pair of gloves (worn)
Jewellery
 g - a +5 ring of evasion (right hand)
 k - a ring of see invisible (left hand)
 v - a +6 ring of intelligence
 A - a ring of protection from cold
Wands
 c - a wand of light (9)
 j - a wand of polymorph (9)
 m - a wand of iceblast (4)
 w - a wand of mindburst (10)
Scrolls
 b - 4 scrolls of fog
 d - a scroll of magic mapping
 e - a scroll of vulnerability
 i - a scroll of enchant armour
 l - 2 scrolls of blinking
 n - 9 scrolls of identify
 r - 11 scrolls of teleportation
 t - 3 scrolls of fear
Potions
 f - 4 potions of mutation
 h - 4 potions of haste
 o - 4 potions of heal wounds
 s - a potion of brilliance
 x - 4 potions of curing
 z - 2 potions of lignification
 D - 3 potions of might


   Skills:
 * Level 12.3 Fighting
 * Level 19.2 Axes
 + Level 0.1 Throwing
 * Level 12.1 Armour
 * Level 9.1 Dodging


You had 12 spell levels left.
You didn't know any spells.
Your spell library was empty.

Dungeon Overview and Level Annotations

Branches:
Dungeon (12/15)            Temple (1/1) D:5            Lair (2/5) D:8
    Orc (0/2) D:12         Bailey (visited)
  Swamp: Lair:2-3    Shoals: Lair:2-3     Snake: Lair:2-3    Spider: Lair:2-3

Altars:
Ashenzari
Cheibriados
Dithmenos
Elyvilon
Fedhas
Gozag
Hepliaklqana
Kikubaaqudgha
Makhleb
Nemelex Xobeh
Okawaru
Qazlal
Ru
Sif Muna
Trog
Uskayaw
Vehumet
Wu Jian
Xom
Yredelemnul
Zin
The Shining One

Shops:
D:2 ?   D:8 [   D:11 ?

Annotations:
Lair:2 Sonja


Innate Abilities, Weirdness & Mutations

You have a pair of horns on your head.
You reflexively headbutt those who attack you in melee.
You are partially covered in iridescent scales. (AC +2)
You have a somewhat thin skeletal structure. (Dex +2, Stealth+)
You passively dampen the noise of your surroundings.


Message History

You furiously retaliate!
You headbutt the blink frog!
You kill the blink frog!
Trog accepts your kill.
A freezing mist starts to gather...
You barely miss the hell knight.
The hell knight is lightly wounded.
You slice the hell knight!! You slice the hell knight simulacrum!!
You slash the blink frog!
The blink frog's magic leaks into the air.
The hell knight closely misses you. The blink frog misses you.
You furiously retaliate!
You headbutt the blink frog!
The hell knight hits you with a +0 glaive!!
* * * LOW HITPOINT WARNING * * *
You slice the hell knight!! Your headbutt misses the hell knight.
The hell knight is heavily wounded.
You slice the ufetubus!!
You kill the ufetubus!
The ufetubus disappears in a puff of smoke!
You slash the hell knight! You slash the hell knight simulacrum!
The hell knight simulacrum vaporises!
You miss the blink frog.
The blink frog's magic is no longer disrupted.
The hell knight hits you with a +0 great mace of flaming!
* * * LOW HITPOINT WARNING * * *
The hell knight burns you.
* * * LOW HITPOINT WARNING * * *
The ynoxinul gestures.
The starspawn tentacle misses you. The blink frog hits you.
* * * LOW HITPOINT WARNING * * *
The blink frog blinks!
You slice the hell knight!!
You headbutt the hell knight, but do no damage.
The hell knight is almost dead.
You slash the blink frog simulacrum! You closely miss the ufetubus.
You slash the starspawn tentacle! You slice the hell knight!!
You kill the hell knight!
Trog accepts your kill.
A freezing mist starts to gather...
The hell knight hits you with a +0 great mace of flaming!
You die...

# . . . . .#§#. # #.
.#.# §. ...## ...
..# . ..... #..#
###....#..
####.....###..#### #
# .####.#....... #
#.###.##.§.Z§§§..F##
......
.......§Z5w─..... ..
...F...F.)§@p5│....
...##.>....##Z3│...#
.....
#......##pp│...# ..
............xp5│w..
.#.
..............X...
.. ..........
.......
....................
.. ......
F............ . ....
...... ..


You could see a tentacled starspawn, 3 hell knights, a necromancer (soul bound),
2 blink frogs, a ynoxinul, 2 starspawn tentacles, a blink frog simulacrum, 2
hell knight simulacra and 3 ufetubi.

Vanquished Creatures
  Josephine (D:12)
  A two-headed ogre (D:12)
  A boulder beetle (D:11)
  Erica (D:8)
  A hell knight (Abyss:1)
  Amaemon (Lair:1)
  A wretched star (Abyss:1)
  Lodul (D:11)
  An orc knight (Bailey)
  Pikel (D:4)
  2 deep elf pyromancers
  2 cyclopes (D:12)
  A manticore (D:11)
  A black mamba (Lair:2)
  A cane toad (Lair:2)
  An orange demon (Lair:1)
  A gargoyle (D:12)
  3 unseen horrors
  3 kobold demonologists
  A rime drake (Lair:1)
  An unseen horror zombie (D:8)
  An ancient zyme (Abyss:1)
  2 komodo dragons
  4 tyrant leeches (Lair:2)
  Grinder (D:3)
  5 trolls
  A hornet (D:7)
  A blink frog (Abyss:1)
  4 shadows
  3 wraiths (D:12)
  2 wyverns (Lair:1)
  29 yaks
  A vampire (D:12)
  Eustachio (D:4)
  9 golden eyes (Abyss:1)
  2 basilisks
  A steam dragon (D:9)
  8 vampire mosquitoes (D:10)
  2 swamp worms (Lair:2)
  A warg (D:12)
  3 water moccasins (Lair:1)
  An acid dragon (D:12)
  Pargi (D:4)
  12 orc warriors
  4 ice beasts
  4 black bears
  8 ogres (D:11)
  9 wolves
  3 centaurs
  8 kobold brigands
  6 bullfrogs
  4 gnoll sergeants
  2 scorpions
  4 wights (D:8)
  5 killer bees (D:9)
  4 electric eels (D:8)
  4 howler monkeys
  A quasit (Abyss:1)
  10 orc priests
  Crazy Yiuf (D:3)
  A gnoll bouda (D:5)
  5 hounds
  7 iguanas
  Ijyb (D:3)
  Jessica (D:3)
  4 sleepcaps
  9 orc wizards
  A killer bee zombie (D:8)
  Robin (D:3)
  A howler monkey zombie (D:8)
  6 adders
  28 gnolls
  3 ufetubi
  A worm (D:5)
  A dart slug (D:2)
  38 orcs
  5 bats
  2 endoplasms
  A giant cockroach (D:3)
  10 hobgoblins
  2 jackals (D:1)
  A quokka (D:4)
  6 ball pythons
  2 frilled lizards
  3 goblins
  30 kobolds
  4 rats
373 creatures vanquished.

Vanquished Creatures (collateral kills)
  2 hell knights (Abyss:1)
  A necromancer (Abyss:1)
3 creatures vanquished.

Vanquished Creatures (others)
  A vampire (D:11)
  A golden eye (Abyss:1)
  A human (D:3)
  2 kobolds (D:8)
5 creatures vanquished.

Grand Total: 381 creatures vanquished

Notes
Turn   | Place    | Note
-------+----------+-------------------------------------------
     0 | D:1      | Leibowitz the Minotaur Berserker began the quest for the
                  | Orb.
     0 | D:1      | Reached XP level 1. HP: 19/19 MP: 0/0
    74 | D:1      | Reached XP level 2. HP: 25/27 MP: 1/1
   170 | D:1      | Reached skill level 4 in Axes
   567 | D:2      | Found the amulet of Elemental Vulnerability {rPois rF--
                  | rC-- AC+8}
  1075 | D:2      | Reached XP level 3. HP: 33/33 MP: 2/2
  1146 | D:2      | Found Kuomm's Magic Scroll Emporium.
  1380 | D:3      | Noticed Grinder
  1406 | D:3      | Paralysed by Grinder for 5 turns
  1411 | D:3      | Killed Grinder
  1412 | D:3      | Reached skill level 5 in Fighting
  1412 | D:3      | Reached skill level 6 in Axes
  1412 | D:3      | Reached XP level 4. HP: 9/42 MP: 3/3
  1412 | D:3      | Reached XP level 5. HP: 10/48 MP: 4/4
  1548 | D:3      | Found a sacrificial altar of Ru.
  1557 | D:3      | Reached ** piety under Trog
  1585 | D:3      | Noticed Ijyb
  1585 | D:3      | Noticed Robin
  1608 | D:3      | Killed Ijyb
  1609 | D:3      | Reached XP level 6. HP: 50/56 MP: 5/5
  1611 | D:3      | Killed Robin
  1663 | D:3      | Found an ancient bone altar of Kikubaaqudgha.
  1669 | D:3      | Noticed a human
  1670 | D:3      | Killed a human
  1727 | D:3      | Found a runed translucent door.
  1728 | D:3      | Noticed Crazy Yiuf
  1735 | D:3      | Killed Crazy Yiuf
  1844 | D:3      | Noticed Jessica
  1852 | D:3      | Killed Jessica
  2106 | D:3      | Found a faded altar of an unknown god.
  2318 | D:4      | Reached skill level 7 in Axes
  2321 | D:4      | Reached XP level 7. HP: 38/61 MP: 6/6
  2432 | D:4      | Reached skill level 5 in Armour
  2605 | D:4      | Noticed Eustachio
  2641 | D:4      | Killed Eustachio
  2800 | D:4      | Noticed Pikel
  2812 | D:4      | Killed Pikel
  2813 | D:4      | Reached skill level 9 in Axes
  2813 | D:4      | Reached XP level 8. HP: 21/70 MP: 7/7
  2830 | D:4      | Reached *** piety under Trog
  3108 | D:4      | Noticed Pargi
  3123 | D:4      | Killed Pargi
  3276 | D:5      | Entered Level 5 of the Dungeon
  3350 | D:5      | Reached skill level 10 in Axes
  3401 | D:5      | Found a hide-covered altar of Uskayaw.
  3446 | D:5      | Found a staircase to the Ecumenical Temple.
  3455 | Temple   | Entered the Ecumenical Temple
  3968 | D:5      | Found an iron altar of Okawaru.
  4083 | D:6      | Reached XP level 9. HP: 77/79 MP: 8/8
  4312 | D:6      | Found an ornate altar of the Wu Jian Council.
  4402 | D:6      | Reached skill level 11 in Axes
  4668 | D:6      | Reached skill level 5 in Dodging
  4837 | D:6      | Found a shadowy altar of Dithmenos.
  5052 | D:7      | Reached **** piety under Trog
  5135 | D:7      | Found a flagged portal.
  5144 | Bailey   | Entered a bailey
  5279 | Bailey   | Reached skill level 12 in Axes
  5554 | Bailey   | Noticed an orc knight
  5599 | Bailey   | Killed an orc knight
  5600 | Bailey   | Reached XP level 10. HP: 88/88 MP: 9/9
  5662 | Bailey   | Found a large runed translucent door.
  5662 | Bailey   | Found a large runed translucent door.
  5663 | Bailey   | Noticed a deep elf pyromancer
  5721 | Bailey   | Killed a deep elf pyromancer
  5838 | Bailey   | Identified the orb of the Orb Guardian {light, -Tele rElec
                  | Str+4 Dex+3}
  5995 | D:7      | Reached skill level 13 in Axes
  6182 | D:7      | Gained mutation: You passively dampen the noise of your
                  | surroundings. [potion of mutation]
  6182 | D:7      | Gained mutation: You are partially covered in iridescent
                  | scales. (AC +2) [potion of mutation]
  6182 | D:7      | Gained mutation: You have a somewhat thin skeletal
                  | structure. (Dex +2, Stealth+) [potion of mutation]
  6362 | D:8      | Found Nihuphel's Antique Armour Shop.
  6595 | D:8      | Noticed Erica
  6610 | D:8      | Killed Erica
  6630 | D:8      | Found a shimmering altar of Xom.
  6733 | D:8      | Found a shimmering blue altar of Sif Muna.
  6765 | D:8      | Found a staircase to the Lair.
  7500 | D:8      | Reached skill level 14 in Axes
  7693 | D:9      | Found a stormy altar of Qazlal.
  7742 | D:9      | Found an opulent altar of Gozag.
  7877 | D:9      | Found a blossoming altar of Fedhas.
  8004 | D:9      | Reached XP level 11. HP: 97/97 MP: 10/10
  8018 | D:9      | Reached ***** piety under Trog
  8528 | D:9      | Found a glowing golden altar of the Shining One.
  8528 | D:9      | Found a glowing silver altar of Zin.
  8528 | D:9      | Found a white marble altar of Elyvilon.
  8697 | D:10     | Entered Level 10 of the Dungeon
  8718 | D:10     | Identified the +6 quarterstaff of the Rat {heavy, *Slow rC+
                  | rN+ Stlth+}
  8866 | D:10     | Reached skill level 10 in Armour
  8872 | D:10     | Reached skill level 15 in Axes
  9136 | D:10     | Reached skill level 10 in Fighting
 10020 | D:11     | Noticed Lodul
 10028 | D:11     | Received a gift from Trog
 10036 | D:11     | Reached skill level 16 in Axes
 10044 | D:11     | Killed Lodul
 10470 | D:11     | Found Teykh's Magic Scroll Emporium.
 10504 | D:11     | Reached XP level 12. HP: 96/108 MP: 3/11
 10711 | D:12     | Noticed Josephine
 10721 | D:12     | Killed Josephine
 10942 | D:12     | Reached skill level 17 in Axes
 11181 | D:12     | Found a staircase to the Orcish Mines.
 11198 | D:12     | Noticed a boulder beetle
 11222 | D:11     | Killed a boulder beetle
 11293 | D:12     | Noticed a two-headed ogre
 11301 | D:12     | Killed a two-headed ogre
 12083 | Lair:1   | Entered Level 1 of the Lair of Beasts
 12102 | Lair:1   | Noticed Amaemon
 12110 | Lair:1   | Killed Amaemon
 12197 | Lair:1   | Reached skill level 18 in Axes
 13050 | Lair:2   | Received a gift from Trog
 13554 | Lair:2   | Reached XP level 13. HP: 118/118 MP: 4/12
 13595 | Lair:2   | Noticed Sonja
 13596 | Abyss:1  | Cast into level 1 of the Abyss (Sonja)
 13740 | Abyss:1  | Reached skill level 19 in Axes
 13760 | Abyss:1  | Noticed a tentacled starspawn
 13765 | Abyss:1  | HP: 8/178 [hell knight/+0 great mace of flaming (2)]
 13766 | Abyss:1  | Mangled by a hell knight

Illustrated notes

Levels and vault maps discovered:
D:1:      dpeg_arrival_connections, layout_basic
D:2:      layout_loops_corners, serial_shops,
          nicolae_shop_pleasant_corner_grove, corexii_leaking_fountain
D:3:      layout_rooms, mainiacjoe_overflow_24_doors, tgw_kikubaaqudgha,
          chequers_ecumenical_altar_twisty, nrook_uturn, nicolae_goblin_pals,
          uniq_grinder, uniq_jessica, uniq_ijyb, uniq_robin,
          uniq_crazy_yiuf_cottage
D:4:      layout_basic, uniq_eustachio, uniq_pikel, uniq_pargi
D:5:      layout_loops_ring, mainiacjoe_overflow_alcove_4,
          nicolae_uskayaw_suspiria, minmay_temple_entry_statues_fountains,
          hangedman_decor_riveting
D:6:      layout_gridville, nzn_wu_jian_council_hall,
          mainiacjoe_overflow_six_doors_small, skrybe_limestone_x,
          minmay_microvault
D:7:      layout_rooms, enter_bailey_1, minmay_misc_feat_doors
D:8:      layout_basic, mainiacjoe_overflow_brackets, amcnicky_altar_gilded,
          erik_lair_island, serial_shops, nicolae_shop_stone, serial_undead,
          serial_undead_b, serial_undead_e, serial_undead_f, serial_undead_b,
          small_statue_intersection, hangedman_decor_slide_cut, uniq_erica
D:9:      layout_basic, grunt_temple_overflow_forces_of_nature,
          good_gods_mini_temple, nicolae_overflow_crystal_walls
D:10:     lemuel_ice_spiral_2, layout_basic
D:11:     layout_basic, serial_shops, shop, uniq_lodul
D:12:     layout_cave_pools, david_orc_3, uniq_josephine
Temple:   hellmonk_temple_two_chambers
Lair:1:   layout_cave_pods, guppyfry_lair_drakes, grunt_megastairs_5,
          uniq_amaemon
Lair:2:   layout_regular_city, minmay_swamp_entry_worms, beast_lair_carwin_3,
          uniq_sonja
Abyss:1:  base:
D:10

Skill      XL: |  1  2  3  4  5  6  7  8  9 10 11 12 13 |
---------------+----------------------------------------+-----
Axes           | 4 6 7 9 10 12 14 16 18 19 | 19.2
Fighting       | 4 5 6 7 8 9 10 12 | 12.3
Armour         | 3 4 5 7 8 9 10 11 12 | 12.1
Dodging        | 3 4 5 7 8 9 |  9.1
Throwing       | |  0.1

Action                     |  1- 3 |  4- 6 |  7- 9 | 10-12 | 13-15 || total
---------------------------+-------+-------+-------+-------+-------++-------
  Melee: Hand axe          |    31 |       |       |       |       ||    31
         Headbutt          |    10 |    20 |    43 |    76 |     6 ||   155
         War axe           |    37 |    81 |   216 |       |       ||   334
         Punch             |       |     2 |     3 |       |       ||     5
         Battleaxe         |       |       |    41 |   303 |       ||   344
         Executioner's axe |       |       |       |   193 |    44 ||   237
  Throw: Dart              |       |       |       |     4 |       ||     4
 Invoke: Berserk           |       |       |     2 |       |     1 ||     3
         Trog's Hand       |       |       |       |       |     1 ||     1
         Brothers in Arms  |       |       |       |       |     1 ||     1
    Use: Potion            |       |       |       |    14 |     2 ||    16
         Scroll            |       |       |       |    11 |       ||    11
 Armour: Chain mail        |    55 |     1 |       |       |       ||    56
         Animal skin       |     1 |       |       |       |       ||     1
         Plate armour      |       |    42 |   177 |   271 |    36 ||   526
  Dodge: Dodged            |    45 |    34 |   120 |   404 |    68 ||   671
